 Dungeon Crawl Stone Soup version 0.28.0-53-g5a82cb258f (webtiles) character file.

Game seed: 9301085724369827552

118657 Stomo the Warrior (level 16, -9/223 HPs)
             Began as a Green Draconian Fighter on June 30, 2022.
             Was a Follower of Uskayaw.
             Mangled by a +2 dire flail of holy wrath (15 damage)
             ... on level 1 of the Elven Halls.
             The game lasted 01:27:48 (35227 turns).

Stomo the Warrior (Green Draconian Fighter)        Turns: 35227, Time: 01:27:49

Health: -9/223     AC: 20    Str: 24    XL:     16   Next: 26%
Magic:  44/44      EV: 17    Int: 11    God:    Uskayaw [*.....]
Gold:   1670       SH:  0    Dex: 11    Spells: 11/15 levels left

rFire   + . .      SeeInvis +   K - +4 flail (protect)
rCold   x . .      Faith    .   (no shield)
rNeg    + + .      Spirit   .   (armour unavailable)
rPois   +          Reflect  .   q - +2 hat
rElec   .          Harm     .   H - +2 cloak
rCorr   .          Rampage  .   O - +2 pair of gloves of Kyulufoh {rF+ rC- rN++ Stlth+}
Will    +....                   A - +2 pair of boots of Hin Tykh {rPois SInv}
Stlth   ..........              (no amulet)
HPRegen 0.47/turn               V - ring of magical power
MPRegen 0.29/turn               I - ring of magical power

@: mighty, berserking, very quick
A: breathe noxious fumes, AC +9, unfitting armour, stinger 1, poison resistance,
cold-blooded
a: Breathe Noxious Fumes, Renounce Religion, Stomp


You were on level 1 of the Elven Halls.
You worshipped Uskayaw.
Uskayaw was pleased with you.
You visited 6 branches of the dungeon, and saw 23 of its levels.

You collected 2303 gold pieces.
You spent 633 gold pieces at shops.

Inventory:

Hand Weapons
 e - a +4 vorpal flail
 h - a +1 whip of venom
 r - a +1 whip of electrocution
 x - a +1 flail of venom
 K - a +4 flail of protection (weapon)
 N - a +3 flail of protection
 P - a +2 flail of draining
Missiles
 a - 2 throwing nets (quivered)
Armour
 q - a +2 hat (worn)
 A - the +2 pair of boots of Hin Tykh (worn) {rPois SInv}
   (You acquired it on level 8 of the Dungeon)

   rPois:     It protects you from poison.
   SInv:      It lets you see invisible.
 H - a +2 cloak (worn)
 L - a scarf of harm
 O - the +2 pair of gloves of Kyulufoh (worn) {rF+ rC- rN++ Stlth+}
   (You bought it in a shop on level 2 of the Orcish Mines)

   rF:        It protects you from fire.
   rC:        It makes you vulnerable to cold.
   rN:        It greatly protects you from negative energy.
   Stlth:     It makes you more stealthy.
Jewellery
 o - a ring of poison resistance
 y - a +4 ring of evasion
 I - a ring of magical power (right hand)
 V - a ring of magical power (left hand)
 X - a ring of flight
Wands
 d - a wand of flame (19)
 m - a wand of iceblast (26)
 v - a wand of mindburst (36)
 z - a wand of polymorph (20)
 C - a wand of paralysis (4)
 E - a wand of charming (5)
 U - a wand of digging (3)
Scrolls
 b - a scroll of fear
 f - 3 scrolls of identify
 i - a scroll of enchant armour
 j - 2 scrolls of fog
 l - 4 scrolls of magic mapping
 B - 3 scrolls of amnesia
 D - a scroll of brand weapon
 F - 5 scrolls of teleportation
 G - 2 scrolls of silence
 M - 3 scrolls of vulnerability {unknown}
 T - 2 scrolls of noise
 Z - 2 scrolls of holy word
Potions
 c - a potion of haste
 g - 4 potions of attraction
 k - 5 potions of cancellation
 p - 3 potions of brilliance
 s - 3 potions of curing
 u - 3 potions of lignification
 w - 2 potions of resistance
 J - 2 potions of magic
 Y - a potion of degeneration {unknown}
Miscellaneous
 W - a tin of tremorstones (2/2)


   Skills:
 - Level 15.1 Fighting
 - Level 14.6 Maces & Flails
 - Level 12.8 Dodging
 - Level 2.6 Stealth
 - Level 3.0 Shields
 + Level 8.1 Ice Magic
 - Level 14.0 Invocations


You had 11 spell levels left.
You knew the following spells:

 Your Spells              Type           Power      Damage    Failure   Level
a - Freeze                Ice            68%        1d8       1%          1
b - Frozen Ramparts       Ice            34%        1d5       3%          3

Your spell library contained the following spells:

 Spells                   Type           Power      Damage    Failure   Level
 Ensorcelled Hibernation  Hex/Ice        16%        N/A       10%         2
 Magic Dart               Conj           0%         1d3       34%         1
 Pain                     Necr           0%         1d4       34%         1
 Summon Small Mammal      Summ           0%         N/A       34%         1
 Passwall                 Tmut/Erth      0%         N/A       47%         2
 Searing Ray              Conj           0%         2d4       47%         2
 Static Discharge         Conj/Air       0%         N/A       47%         2
 Hailstorm                Conj/Ice       8%         3d4       54%         4
 Call Canine Familiar     Summ           0%         N/A       71%         3
 Dazzling Flash           Conj/Hex       0%         N/A       71%         3
 Gell's Gravitas          Tloc           0%         N/A       71%         3
 Lesser Beckoning         Tloc           0%         N/A       71%         3
 Summon Guardian Golem    Hex/Summ       0%         N/A       71%         3
 Swiftness                Air            0%         N/A       71%         3
 Teleport Other           Tloc           0%         N/A       71%         3
 Tukima's Dance           Hex            0%         N/A       71%         3
 Metabolic Englaciation   Hex/Ice        4%         N/A       88%         5
 Animate Dead             Necr           0%         N/A       98%         4
 Dispel Undead            Necr           0%         3d6       98%         4
 Fulminant Prism          Conj/Hex       0%         3d6       98%         4
 Passage of Golubria      Tloc           0%         N/A       98%         4
 Petrify                  Tmut/Erth      0%         N/A       98%         4
 Sticky Flame             Conj/Fire      0%         2d3       98%         4
 Agony                    Necr           0%         N/A       100%        5
 Borgnjor's Vile Clutch   Necr/Erth      0%         N/A       100%        5
 Silence                  Hex/Air        0%         N/A       100%        5
 Yara's Violent Unravell  Hex/Tmut       0%         3d3       100%        5
 Dispersal                Tloc           0%         N/A       100%        6
 Statue Form              Tmut/Erth      0%         N/A       100%        6


Dungeon Overview and Level Annotations

Branches:
Dungeon (11/15)            Temple (1/1) D:6            Lair (6/6) D:8
  Swamp (0/4) Lair:3        Snake (0/4) Lair:4        Slime (1/5) Lair:5
    Orc (2/2) D:10            Elf (2/3) Orc:2

Altars:
Ashenzari
Cheibriados
Dithmenos
Elyvilon
Fedhas
Gozag
Hepliaklqana
Kikubaaqudgha
Makhleb
Nemelex Xobeh
Okawaru
Qazlal
Ru
Sif Muna
Trog
Uskayaw
Vehumet
Wu Jian
Xom
Yredelemnul
Zin
The Shining One
Beogh

Shops:
Orc:2 *[(:   Elf:1 (   Elf:2 (*:

Annotations:
Lair:5 1 runed translucent door, Jackthecabe's ghost, journeyman TrHu


Innate Abilities, Weirdness & Mutations

You can breathe blasts of noxious fumes.
Your lurid green scales are hard. (AC +9)
You cannot fit into any form of body armour.
Your tail ends in a venomous barb.
Your system is resistant to poisons. (rPois)
You are cold-blooded and may be slowed by cold attacks.


Message History

Okay, then.
You have got your breath back.
The +2 dire flail of holy wrath hits you but does no damage.
The +2 dire flail of holy wrath hits you.
* * * LOW HITPOINT WARNING * * *
Okay, then.
Blink to where?
Press: ? - help, Dir - move target, p - +2 dire flail of holy wrath
As you read the scroll of blinking, it crumbles to dust.
There is an open door here.
The +2 dire flail of holy wrath hits you but does no damage.
The +2 dire flail of holy wrath completely misses you.
The +2 dire flail of holy wrath hits you!!
* * * LOW HITPOINT WARNING * * *
There is an open door, spattered with blood here.
The +2 dire flail of holy wrath hits you but does no damage.
There is a stone staircase leading up here.
You feel much better.
The +2 dire flail of holy wrath hits you but does no damage.
The fire elemental disappears in a puff of smoke!
The +2 dire flail of holy wrath hits you but does no damage.
The +2 dire flail of holy wrath hits you!!
* * * LOW HITPOINT WARNING * * *
You climb upwards.
There is a stone staircase leading down here.
You feel much better.
The +2 dire flail of holy wrath completely misses you.
The +2 dire flail of holy wrath hits you but does no damage.
You feel very mighty all of a sudden.
The +2 dire flail of holy wrath hits you!!
* * * LOW HITPOINT WARNING * * *
A red film seems to cover your vision as you go berserk!
You feel yourself moving faster!
You feel mighty!
The +2 dire flail of holy wrath hits you!
* * * LOW HITPOINT WARNING * * *
The +2 dire flail of holy wrath hits you.
* * * LOW HITPOINT WARNING * * *
You miss the +2 dire flail of holy wrath.
The +2 dire flail of holy wrath hits you!
You die...

### #.# ###########.####
#......#.......#
#.####.#.##.##.#########
#.####.....@.......#...##
##.........#(#...##..###.##
#.......#.....#..##.## ##>#
##.....#.#...........#####.##
##........####..#####.##.....#
#.........#####.#####........##
##............................[
##.....#..........#...........
#................#...........


You could see a +2 dire flail of holy wrath.

Vanquished Creatures
  A deep elf blademaster (Elf:2)
  Gastronok (Lair:2)
  A deep elf sorcerer (Elf:2)
  A deep elf death mage (Elf:1)
  An ettin (D:10)
  5 hydras
  2 catoblepae
  12 dancing weapons
  A two-headed ogre (D:11)
  16 death yaks
  A deep troll shaman (Lair:6)
  7 orc high priests
  4 deep elf knights
  Nergalle (D:10)
  A bog body (Lair:3)
  2 deep elf archers
  11 deep elf pyromancers
  A lindwurm (Lair:6)
  A necromancer (Elf:1)
  11 deep elf zephyrmancers
  An orc knight (Orc:2)
  A cyclops (D:11)
  A wolf spider (Lair:1)
  2 orc sorcerers
  A manticore (D:11)
  A centaur zombie (D:11)
  Maurice (D:8)
  9 elephants
  12 black mambas
  13 cane toads
  A kobold demonologist (D:11)
  8 komodo dragons
  2 trolls (Orc:2)
  3 polar bears
  A hornet (shapeshifter) (Elf:2)
  Prince Ribbit (D:7)
  A slime creature (Lair:1)
  13 blink frogs
  Sigmund (D:3)
  5 wyverns
  2 air elementals (Elf:1)
  2 basilisks
  50 yaks
  A steam dragon (D:7)
  A swamp worm (Lair:3)
  4 nagas (Lair:4)
  10 wargs
  12 water moccasins
  3 large abominations (Elf:1)
  4 black bears
  23 orc warriors
  3 sky beasts
  20 wolves
  5 ogres
  2 centaurs
  5 kobold brigands
  6 bullfrogs
  2 gnoll sergeants
  A scorpion (D:7)
  2 earth elementals (Elf:1)
  A water moccasin zombie (D:6)
  A wyvern skeleton (D:7)
  7 electric eels
  A howler monkey (D:5)
  39 orc priests
  8 jellies
  2 gnoll shamans
  2 bullfrog skeletons (D:6)
  A centaur skeleton (D:6)
  Terence (D:3)
  17 orc wizards
  An iguana (D:6)
  2 hell rats (D:8)
  2 hound skeletons
  A howler monkey zombie (D:9)
  25 gnolls
  8 adders
  3 river rats
  2 ufetubi
  An adder zombie (D:5)
  A dart slug (D:1)
  93 orcs
  7 ball pythons
  8 bats
  16 endoplasms
  7 giant cockroaches
  9 goblins
  8 hobgoblins
  4 jackals (D:1)
  28 kobolds
  8 quokkas
  A frilled lizard (D:3)
  7 rats
  A butterfly (Lair:5)
640 creatures vanquished.

Vanquished Creatures (collateral kills)
  A wolf (Lair:1)
1 creature vanquished.

Vanquished Creatures (others)
  An orc (D:3)
  A bush (Lair:6)
  25 fungi
  39 plants
66 creatures vanquished.

Grand Total: 707 creatures vanquished

Notes
Turn   | Place    | Note
-------+----------+-------------------------------------------
     0 | D:1      | Stomo the Draconian Fighter began the quest for the Orb.
     0 | D:1      | Reached XP level 1. HP: 19/19 MP: 1/1
   195 | D:1      | Reached XP level 2. HP: 25/27 MP: 2/2
  1035 | D:1      | Reached XP level 3. HP: 20/33 MP: 3/3
  1734 | D:2      | Reached skill level 4 in Fighting
  2104 | D:3      | Reached XP level 4. HP: 25/40 MP: 4/4
  2218 | D:3      | Noticed Terence
  2232 | D:3      | Killed Terence
  2597 | D:3      | Reached skill level 1 in Stealth
  2597 | D:3      | Reached XP level 5. HP: 46/46 MP: 5/5
  2916 | D:3      | Noticed Sigmund
  3082 | D:3      | Killed Sigmund
  3083 | D:3      | Reached XP level 6. HP: 27/53 MP: 6/6
  3919 | D:3      | Reached skill level 5 in Maces & Flails
  4982 | D:4      | Your scales start taking on a lurid green colour.
  4982 | D:4      | Reached XP level 7. HP: 15/60 MP: 7/7
  4982 | D:4      | Gained mutation: Your system is resistant to poisons.
                  | (rPois) [Green Draconian growth]
  5341 | D:5      | Entered Level 5 of the Dungeon
  5370 | D:5      | Reached skill level 5 in Fighting
  5487 | D:5      | You fall into a shaft and drop 3 floors!
  6047 | D:6      | Reached XP level 8. HP: 68/69 MP: 8/8
  6091 | D:6      | Found a staircase to the Ecumenical Temple.
  6135 | Temple   | Entered the Ecumenical Temple
  6619 | Temple   | Became a worshipper of Uskayaw the Reveller
  6694 | D:6      | Reached * piety under Uskayaw
  6793 | D:6      | Reached skill level 6 in Fighting
  6793 | D:6      | Reached skill level 1 in Invocations
  6805 | D:6      | Reached ** piety under Uskayaw
  7069 | D:6      | Reached skill level 5 in Dodging
  7237 | D:7      | Noticed Prince Ribbit
  7263 | D:7      | Killed Prince Ribbit
  7265 | D:7      | Reached *** piety under Uskayaw
  7548 | D:7      | Reached **** piety under Uskayaw
  7549 | D:7      | Reached XP level 9. HP: 69/78 MP: 11/11
  7662 | D:7      | Reached skill level 7 in Fighting
  7920 | D:7      | Found a stormy altar of Qazlal.
  8814 | D:8      | Noticed Maurice
  8835 | D:8      | Noticed a death yak
  8985 | D:8      | Killed Maurice
  8986 | D:8      | Reached skill level 8 in Fighting
  8986 | D:8      | Reached skill level 5 in Invocations
  8987 | D:8      | Noticed a death yak
  9009 | D:8      | Killed a death yak
  9010 | D:8      | Reached XP level 10. HP: 34/89 MP: 9/14
  9129 | D:8      | Found a staircase to the Lair.
  9288 | D:8      | Identified a scroll of acquirement
  9288 | D:8      | Acquired the +2 pair of boots of Hin Tykh {rPois SInv}
  9738 | D:8      | Noticed a death yak
  9769 | D:8      | Killed a death yak
  9770 | D:8      | Reached skill level 9 in Fighting
 10115 | D:8      | Killed a death yak
 10826 | D:9      | Identified the +0 robe of Puckish Happiness {Stlth+}
 10992 | Lair:1   | Entered Level 1 of the Lair of Beasts
 11043 | Lair:1   | Noticed a cane toad
 11069 | Lair:1   | Killed a cane toad
 11250 | Lair:1   | Noticed a black mamba
 11260 | Lair:1   | Killed a black mamba
 11420 | Lair:1   | Noticed a wolf spider
 11430 | Lair:1   | Reached skill level 10 in Maces & Flails
 11437 | Lair:1   | Reached XP level 11. HP: 90/99 MP: 16/16
 11437 | Lair:1   | Killed a wolf spider
 11448 | Lair:1   | Reached ***** piety under Uskayaw
 11647 | Lair:1   | Reached skill level 10 in Fighting
 12873 | Lair:2   | Noticed Gastronok
 12924 | Lair:2   | Killed Gastronok
 13361 | Lair:2   | Noticed a seven-headed hydra
 13390 | Lair:2   | HP: 4/101 [seven-headed hydra (8)]
 13818 | D:10     | Entered Level 10 of the Dungeon
 13821 | D:10     | Found a staircase to the Orcish Mines.
 13969 | D:10     | Noticed Nergalle
 13992 | D:10     | Killed Nergalle
 14965 | D:11     | Reached skill level 11 in Fighting
 15256 | D:11     | Found a gate leading to a gauntlet.
 15278 | D:11     | Found an opulent altar of Gozag.
 15342 | D:11     | Reached XP level 12. HP: 92/110 MP: 19/19
 15623 | D:11     | Noticed a two-headed ogre
 15632 | D:11     | Killed a two-headed ogre
 16491 | Lair:1   | Killed a seven-headed hydra
 17062 | Lair:2   | Reached skill level 10 in Invocations
 17324 | Lair:2   | Noticed a catoblepas
 17538 | Lair:2   | Killed a catoblepas
 18077 | Lair:3   | Found a staircase to the Swamp.
 18269 | Lair:3   | Reached skill level 10 in Dodging
 18629 | Lair:3   | Reached skill level 12 in Fighting
 18920 | Lair:3   | Noticed an eight-headed hydra
 18938 | Lair:3   | Killed an eight-headed hydra
 19480 | Lair:4   | Reached ****** piety under Uskayaw
 20247 | Lair:4   | Found a staircase to the Snake Pit.
 20406 | Lair:4   | Noticed a death yak
 20409 | Lair:4   | Noticed a death yak
 20409 | Lair:4   | Noticed a death yak
 20409 | Lair:4   | Noticed a death yak
 20434 | Lair:4   | Killed a death yak
 20435 | Lair:4   | Reached XP level 13. HP: 115/119 MP: 21/21
 21068 | Lair:5   | Found a staircase to the Slime Pits.
 21123 | Lair:4   | HP: 2/119 [death yak (14)]
 22630 | Lair:5   | Reached skill level 13 in Fighting
 23386 | Lair:5   | Found a runed translucent door.
 23386 | Lair:5   | Noticed Jackthecabe's ghost (journeyman TrHu)
 23701 | Lair:6   | Entered Level 6 of the Lair of Beasts
 25415 | Lair:5   | Gained mutation: Your tail ends in a venomous barb. [Green
                  | Draconian growth]
 25415 | Lair:5   | Reached XP level 14. HP: 107/130 MP: 23/23
 25901 | Lair:6   | Reached skill level 14 in Fighting
 26669 | Slime:1  | Entered Level 1 of the Pits of Slime
 26669 | Slime:1  | Noticed a quicksilver ooze
 26669 | Slime:1  | Noticed an acid blob
 26813 | Orc:1    | Entered Level 1 of the Orcish Mines
 27983 | Orc:2    | Entered Level 2 of the Orcish Mines
 28101 | Orc:2    | Found a staircase to the Elven Halls.
 29337 | Orc:2    | Found Decheh's General Store.
 29337 | Orc:2    | Found Boshy's Antique Armour Shoppe.
 29775 | Orc:2    | Found Fuoxy's Antique Weapon Shop.
 29775 | Orc:2    | Found Homef's Book Shoppe.
 30581 | Orc:2    | Bought a pair of blackened gloves for 237 gold pieces
 30581 | Orc:2    | Identified the +2 pair of gloves of Kyulufoh {rF+ rC- rN++
                  | Stlth+} (You bought it in a shop on level 2 of the Orcish
                  | Mines)
 30667 | Elf:1    | Entered Level 1 of the Elven Halls
 31352 | Elf:1    | Found Fuaduch's Antique Weapon Boutique.
 31365 | Elf:1    | Paralysed by an air elemental for 1 turns
 31370 | Elf:1    | Paralysed by an air elemental for 1 turns
 31376 | Elf:1    | Paralysed by an air elemental for 1 turns
 31379 | Elf:1    | Paralysed by an air elemental for 1 turns
 31648 | Elf:1    | Reached skill level 15 in Fighting
 31648 | Elf:1    | Reached XP level 15. HP: 141/141 MP: 25/25
 31685 | Elf:1    | Paralysed by an air elemental for 1 turns
 31834 | Orc:2    | Bought a book of Frost for 396 gold pieces
 31836 | Orc:2    | Learned a level 1 spell: Freeze
 31840 | Orc:2    | Learned a level 3 spell: Frozen Ramparts
 31981 | Elf:1    | Reached skill level 1 in Ice Magic
 32374 | Elf:1    | Got Raaduasu's Disquisition on Evil
 33134 | Elf:2    | Reached XP level 16. HP: 132/149 MP: 26/26
 33160 | Elf:2    | Found Bystran's Weapon Shop.
 33172 | Elf:2    | Reached skill level 5 in Ice Magic
 33296 | Elf:2    | Found Zostiaha's Book Shoppe.
 33668 | Elf:2    | Identified the +5 falchion of the Hall of Blades {drain,
                  | rPois}
 33717 | Elf:2    | Found Sohof's Assorted Antiques.
 34075 | Elf:2    | Found a runed translucent gate.
 34075 | Elf:2    | Found a runed translucent gate.
 34075 | Elf:2    | Found a runed translucent gate.
 34901 | Elf:2    | Noticed a deep elf blademaster
 34920 | Elf:2    | Killed a deep elf blademaster
 35226 | Elf:1    | HP: 9/223 [+2 dire flail of holy wrath (17)]
 35227 | Elf:1    | Mangled by a +2 dire flail of holy wrath

Illustrated notes

Levels and vault maps discovered:
D:1:      lemuel_arrival_funnel, layout_basic
D:2:      layout_loops_cross
D:3:      layout_loops_cross, uniq_terence, uniq_sigmund
D:4:      layout_basic, portal_sewer_entry_c
D:5:      layout_rooms, minmay_fire_ice_demons, uniq_crazy_yiuf_cottage
D:6:      layout_basic, minmay_temple_entry_arrows
D:7:      layout_loops_ring, grunt_qazlal_sundering, serial_glass,
          glass_columns_a, glass_columns_a, uniq_prince_ribbit1
D:8:      layout_layer_cave, dpeg_lair_monsters, uniq_maurice
D:9:      kennysheep_big_flooded_room, layout_irregular_city
D:10:     layout_gridville, minmay_orc_entry_guard_dogs, uniq_nergalle
D:11:     layout_basic, gauntlet_entry_generic, special_room [special_room_orc],
          nicolae_gozag_cash_rules_everything_around_me
Temple:   compressed_dpeg_triangle_lava_temple
Lair:1:   lemuel_slime, layout_regular_city, nicolae_lair_run_with_the_wolves
Lair:2:   layout_gridlike, nicolae_volcano_entry_s_turn, fungi_pond_lemuel,
          uniq_gastronok
Lair:3:   layout_misc_corridors, nicolae_swamp_entry_splash_gauntlet,
          serial_bayou, serial_bayou_shore_b, serial_bayou_shore_a,
          serial_bayou_crossing, serial_bayou_lagoon_b,
          chequers_serial_rivers_micro_d
Lair:4:   layout_cave_pods, minmay_snake_entry_guardpost_small,
          lemuel_fruit_fields
Lair:5:   hellmonk_ruined_rings, layout_cave_shapes, slime_dummy,
          gammafunk_ghost_grave
Lair:6:   grunt_lair_end_beastmaster, layout_misc_corridors
Slime:1:  layout_caves
Orc:1:    layout_caves
Orc:2:    st_orc_town, layout_diamond_mine, basic_altar
Elf:1:    minmay_elf_arrival_plus, layout_loops_cross, serial_shops, shop,
          minmay_elf_necromancy
Elf:2:    elven_hall_of_blades_hangedman_original
          [nicolae_blade_entry_antechamber], layout_geoelf_grid, serial_shops,
          shop, nicolae_shop_crystal, nicolae_shop_bloodbath_and_beyond

Skill      XL: |  1  2  3  4  5  6  7  8  9 10 11 12 13 14 15 16 |
---------------+-------------------------------------------------+-----
Dodging        | 3 4 5 6 8 9 10 11 12 | 12.8
Fighting       | 4 5 6 8 9 11 12 13 15 | 15.1
Maces & Flails | 3 4 5 6 7 8 10 11 12 13 14 | 14.6
Stealth        | 1 2 |  2.6
Invocations    | 3 5 7 9 11 12 14 | 14.0
Ice Magic      | 4 8 |  8.1
Shields        | |  3.0

Action                   |  1- 3 |  4- 6 |  7- 9 | 10-12 | 13-15 | 16-18 || total
-------------------------+-------+-------+-------+-------+-------+-------++-------
Melee: Flail             |    52 |   159 |   138 |   572 |   880 |   148 ||  1949
       Tailslap          |    14 |    16 |    34 |   117 |   165 |    21 ||   367
       Club              |    92 |     4 |       |       |       |       ||    96
       Mace              |    11 |       |       |       |       |       ||    11
       Punch             |     1 |     2 |     3 |    10 |    16 |     1 ||    33
       Whip              |       |    17 |    82 |    74 |       |       ||   173
 Cast: Frozen Ramparts   |       |       |       |       |       |    14 ||    14
Invok: Stomp             |       |       |     7 |    19 |     3 |       ||    29
       Grand Finale      |       |       |       |     1 |     5 |       ||     6
       Line Pass         |       |       |       |     1 |     1 |       ||     2
 Abil: Breathe Noxious F |       |       |    29 |    69 |    67 |     6 ||   171
  Use: Potion            |       |     4 |       |     3 |     2 |     4 ||    13
       Scroll            |       |     4 |     2 |    11 |    13 |     2 ||    32
 Stab: Sleeping          |     1 |     2 |       |     4 |     2 |     2 ||    11
       Confused          |       |       |    11 |    27 |    34 |     3 ||    75
       Paralysed         |       |       |     5 |    36 |    79 |     6 ||   126
       Petrified         |       |       |       |       |    15 |       ||    15
       Petrifying        |       |       |       |       |     3 |       ||     3
Armor: Skin              |    64 |    60 |    68 |   191 |   248 |    69 ||   700
Dodge: Dodged            |   109 |   112 |   138 |   502 |   781 |    66 ||  1708
Block: Buckler           |     5 |       |       |       |       |       ||     5
